MLB
NEW YORK YANKEES @ CALIFORNIA ANGELS
08/07/2047
 
TOP OF THE 1ST
New York Yankees batting - Pitching for California Angels : RHP Gus Morante
Pitching: RHP Gus Morante
Batting: LHB Jason Peck 0-0: Called Strike
0-1: Ball
1-1: Ground out U3 (Groundball, 34, EV 88.8 MPH)
Batting: LHB Joel Vera 0-0: Called Strike
0-1: Ball
1-1: Foul Ball, location: 2F
1-2: DOUBLE (Line Drive, 7LM, EV 95.6 MPH)
Batting: LHB Evan Torraville 0-0: Ball
1-0: Called Strike
1-1: Swinging Strike
1-2: Foul Ball, location: 2F
1-2: Strikes out swinging
Batting: LHB Jim Skare 0-0: Called Strike
0-1: Swinging Strike
0-2: Ball
1-2: Strikes out looking
Top of the 1st over - 0 runs, 1 hit, 0 errors, 1 left on base; New York 0 - California 0
BOTTOM OF THE 1ST
California Angels batting - Pitching for New York Yankees : LHP Arturo Eli
Pitching: LHP Arturo Eli
Batting: RHB Bjoern Waltersson 0-0: Ball
1-0: Foul Ball, location: 2F
1-1: Called Strike
1-2: Strikes out looking
Batting: LHB Rusty Ney 0-0: Ball
1-0: Ball
2-0: Ball
3-0: Called Strike
3-1: Fly out, F7 (Flyball, 78M, EV 90.0 MPH)
Batting: RHB Alain Delhaye 0-0: Called Strike
0-1: Ball
1-1: Foul Ball, location: 2F
1-2: Ball
2-2: TRIPLE (Flyball, 78XD, EV 96.2 MPH)
Batting: RHB Preston Deakyne 0-0: Ball
1-0: SINGLE (Line Drive, 89M, EV 103.8 MPH)
Alain Delhaye scores
Batting: RHB Nick Dunn 0-0: SINGLE (Groundball, 6MD, EV 97.5 MPH)
Preston Deakyne to second
Runner from 2nd tries for 3rd, SAFE, throw by CF made to third
Batting: RHB Mike Harkins 0-0: Ball
Nick Dunn is caught stealing 2nd base 2-4
Bottom of the 1st over - 1 run, 3 hits, 0 errors, 1 left on base; New York 0 - California 1
TOP OF THE 2ND
New York Yankees batting - Pitching for California Angels : RHP Gus Morante
Batting: RHB Adriaan Pieters 0-0: SINGLE (Flyball, 56D, EV 82.5 MPH)
Batting: RHB Shiro Suehiro 0-0: Ball
1-0: Swinging Strike
1-1: Ball
2-1: Ball
3-1: Foul Ball, location: 2F
3-2: Base on Balls
Adriaan Pieters to second
Batting: LHB David Bramble 0-0: Swinging Strike
0-1: Ball
1-1: Ball
2-1: Ball
3-1: Called Strike
3-2: Base on Balls
Adriaan Pieters to third
Shiro Suehiro to second
Batting: RHB Geni Prawiranega 0-0: Called Strike
0-1: Ball
1-1: Ball
2-1: Foul Ball, location: 2F
2-2: Foul Ball, location: 2F
2-2: Foul Ball, location: 2F
2-2: Ball
3-2: Strikes out looking
Batting: LHB Brad Ritter 0-0: Called Strike
0-1: Ball
1-1: Foul Ball, location: 2F
1-2: Ball
2-2: Foul Ball, location: 2F
2-2: SINGLE (Groundball, 56, EV 104.4 MPH)
Adriaan Pieters scores
Shiro Suehiro to third
David Bramble to second
Batting: LHB Jason Peck 0-0: Foul Ball, location: 2F
0-1: Ball
1-1: Called Strike
1-2: Ball
2-2: Foul Ball, location: 2F
2-2: Fly out, F9 (Flyball, 9D, EV 90.0 MPH)
Runner from 3rd tags up, SCORES, no throw by RF
Batting: LHB Joel Vera 0-0: Ball
1-0: Ball
2-0: Swinging Strike
2-1: Ball
3-1: Base on Balls
David Bramble to third
Brad Ritter to second
Batting: LHB Evan Torraville 0-0: Ball
1-0: Ball
2-0: Ball
3-0: Called Strike
3-1: Base on Balls
David Bramble scores
Brad Ritter to third
Joel Vera to second
Batting: LHB Jim Skare 0-0: Swinging Strike
0-1: Foul Ball, location: 2F
0-2: Foul Ball, location: 2F
0-2: Ball
1-2: Strikes out swinging
Top of the 2nd over - 3 runs, 2 hits, 0 errors, 3 left on base; New York 3 - California 1
BOTTOM OF THE 2ND
California Angels batting - Pitching for New York Yankees : LHP Arturo Eli
Batting: RHB Mike Harkins 0-0: Called Strike
0-1: Ball
1-1: Called Strike
1-2: Foul Ball, location: 2F
1-2: SOLO HOME RUN (Flyball, 9D, EV 93.8 MPH), Distance : 364 ft
Batting: RHB Avery Maxwell 0-0: Ball
1-0: Ball
2-0: Fly out, F7 (Line Drive, 7, EV 107.5 MPH)
Batting: LHB Micah Miller 0-0: Foul Ball, location: 2F
0-1: Ball
1-1: Ball
2-1: Foul Ball, location: 2F
2-2: Ground out U3 (Groundball, 3L, EV 108.1 MPH)
Batting: RHB Luis Romero 0-0: Ball
1-0: Called Strike
1-1: Swinging Strike
1-2: Foul Ball, location: 2F
1-2: Strikes out looking
Bottom of the 2nd over - 1 run, 1 hit, 0 errors, 0 left on base; New York 3 - California 2
TOP OF THE 3RD
New York Yankees batting - Pitching for California Angels : RHP Gus Morante
Batting: RHB Adriaan Pieters 0-0: SOLO HOME RUN (Flyball, 7D, EV 106.2 MPH), Distance : 406 ft
Batting: RHB Shiro Suehiro 0-0: Swinging Strike
0-1: Called Strike
0-2: Ball
1-2: Strikes out swinging, 2-3 out at first.
Batting: LHB David Bramble 0-0: Ball
1-0: Swinging Strike
1-1: Ball
2-1: Swinging Strike
2-2: DOUBLE (Line Drive, 7LM, EV 108.8 MPH)
Batting: RHB Geni Prawiranega 0-0: Foul Ball, location: 2F
0-1: Ball
1-1: Fly out, F9 (Line Drive, 89M, EV 88.8 MPH)
Batting: LHB Brad Ritter 0-0: Foul Ball, location: 2F
0-1: Foul Ball, location: 2F
0-2: Strikes out swinging
Top of the 3rd over - 1 run, 2 hits, 0 errors, 1 left on base; New York 4 - California 2
BOTTOM OF THE 3RD
California Angels batting - Pitching for New York Yankees : LHP Arturo Eli
Batting: RHB Bjoern Waltersson 0-0: Fly out, F8 (Flyball, 8LM, EV 75.6 MPH)
Batting: LHB Rusty Ney 0-0: Ball
1-0: Reached on error, E4 (Groundball, 4, EV 82.5 MPH)
Batting: RHB Alain Delhaye 0-0: Ball
Rusty Ney steals 2nd base (no throw)
1-0: Ball
2-0: Called Strike
2-1: Ground out 6-3 (Groundball, 6, EV 86.2 MPH)
Rusty Ney to third
Batting: RHB Preston Deakyne 0-0: Ball
1-0: Ball
2-0: Ball
3-0: Base on Balls
Batting: RHB Nick Dunn 0-0: TRIPLE (Flyball, 78XD, EV 100.6 MPH)
Rusty Ney scores
Preston Deakyne scores
Batting: RHB Mike Harkins 0-0: Called Strike
0-1: Called Strike
0-2: Ball
1-2: Strikes out swinging
Bottom of the 3rd over - 2 runs, 1 hit, 1 error, 1 left on base; New York 4 - California 4
TOP OF THE 4TH
New York Yankees batting - Pitching for California Angels : RHP Gus Morante
Batting: LHB Jason Peck 0-0: Called Strike
0-1: Ball
1-1: Ball
2-1: Foul Ball, location: 2F
2-2: Foul Ball, location: 2F
2-2: Fly out, F9 (Line Drive, 9S, EV 92.5 MPH)
Batting: LHB Joel Vera 0-0: Fly out, F8 (Flyball, 8RD, EV 89.4 MPH)
Batting: LHB Evan Torraville 0-0: Foul Ball, location: 2F
0-1: SINGLE (Groundball, 6M, EV 85.0 MPH) (infield hit)
Batting: LHB Jim Skare 0-0: Ball
Evan Torraville is caught stealing 2nd base 2-6
Top of the 4th over - 0 runs, 1 hit, 0 errors, 0 left on base; New York 4 - California 4
BOTTOM OF THE 4TH
California Angels batting - Pitching for New York Yankees : LHP Arturo Eli
Batting: RHB Avery Maxwell 0-0: Ball
1-0: Foul Ball, location: 2F
1-1: Called Strike
1-2: Ball
2-2: Strikes out looking
Batting: LHB Micah Miller 0-0: Ball
1-0: Swinging Strike
1-1: Foul Ball, location: 2F
1-2: Ball
2-2: Ball
3-2: SINGLE (Groundball, 13, EV 87.5 MPH) (infield hit)
Batting: RHB Luis Romero 0-0: Ball
1-0: Swinging Strike
1-1: Called Strike
1-2: Foul Ball, location: 2F
1-2: SINGLE (Flyball, 5D, EV 91.2 MPH)
Micah Miller to second
Batting: RHB Bjoern Waltersson 0-0: Foul Ball, location: 2F
0-1: Ball
1-1: Foul Ball, location: 2F
1-2: Strikes out swinging
Batting: LHB Rusty Ney 0-0: Ball
1-0: Fly out, F7 (Flyball, 7S, EV 93.1 MPH)
Bottom of the 4th over - 0 runs, 2 hits, 0 errors, 2 left on base; New York 4 - California 4
TOP OF THE 5TH
New York Yankees batting - Pitching for California Angels : RHP Gus Morante
Batting: LHB Jim Skare 0-0: Ball
1-0: Ball
2-0: Ball
3-0: Called Strike
3-1: Foul Ball, location: 2F
3-2: Foul Ball, location: 2F
3-2: Foul Ball, location: 2F
3-2: Base on Balls
Batting: RHB Adriaan Pieters 0-0: Ball
1-0: Called Strike
1-1: Called Strike
1-2: Ball
2-2: Strikes out looking
Pitching: RHP Allen Weaver
Batting: RHB Shiro Suehiro 0-0: Fielders Choice at 2nd, 5-4 (Groundball, 5, EV 85.6 MPH)
Batting: LHB David Bramble 0-0: Foul Ball, location: 2F
0-1: Ball
1-1: Ball
2-1: Called Strike
2-2: Strikes out swinging
Top of the 5th over - 0 runs, 0 hits, 0 errors, 1 left on base; New York 4 - California 4
BOTTOM OF THE 5TH
California Angels batting - Pitching for New York Yankees : LHP Arturo Eli
Batting: RHB Alain Delhaye 0-0: Ball
1-0: Ball
2-0: Called Strike
2-1: Foul Ball, location: 2F
2-2: Ball
3-2: Base on Balls
Batting: RHB Preston Deakyne 0-0: Ball
1-0: Foul Ball, location: 2F
1-1: Foul Ball, location: 2F
1-2: Foul Ball, location: 2F
1-2: Ball
2-2: Strikes out looking
Batting: RHB Nick Dunn 0-0: Ball
1-0: Ball
2-0: Grounds into double play, 5-4-3 (Groundball, 56S, EV 93.8 MPH)
Bottom of the 5th over - 0 runs, 0 hits, 0 errors, 0 left on base; New York 4 - California 4
TOP OF THE 6TH
New York Yankees batting - Pitching for California Angels : RHP Allen Weaver
Batting: RHB Geni Prawiranega 0-0: Ball
1-0: Called Strike
1-1: Ball
2-1: Foul Ball, location: 2F
2-2: Ball
3-2: Base on Balls
Batting: LHB Brad Ritter 0-0: Fly out, F7 (Flyball, 7LS, EV 93.8 MPH)
Batting: LHB Jason Peck 0-0: Swinging Strike
0-1: Foul Ball, location: 2F
0-2: Strikes out looking
Batting: LHB Joel Vera 0-0: Ball
Pickoff Throw by Catcher to First - Out!
Top of the 6th over - 0 runs, 0 hits, 0 errors, 0 left on base; New York 4 - California 4
BOTTOM OF THE 6TH
California Angels batting - Pitching for New York Yankees : LHP Arturo Eli
Batting: RHB Mike Harkins 0-0: Ball
1-0: Ball
2-0: Ball
3-0: Called Strike
3-1: Fly out, F3 (Popup, 3SF, EV 74.4 MPH)
Batting: RHB Avery Maxwell 0-0: Ground out 6-3 (Groundball, 6, EV 91.2 MPH)
Batting: LHB Micah Miller 0-0: Called Strike
0-1: Ball
1-1: Ground out U3 (Groundball, 3S, EV 68.8 MPH)
Bottom of the 6th over - 0 runs, 0 hits, 0 errors, 0 left on base; New York 4 - California 4
TOP OF THE 7TH
New York Yankees batting - Pitching for California Angels : RHP Allen Weaver
Batting: LHB Joel Vera 0-0: Fly out, F7 (Line Drive, 7S, EV 106.9 MPH)
Batting: LHB Evan Torraville 0-0: Swinging Strike
0-1: Ball
1-1: Called Strike
1-2: Foul Ball, location: 2F
1-2: Ball
2-2: Strikes out looking
Batting: LHB Jim Skare 0-0: Called Strike
0-1: Foul Ball, location: 2F
0-2: Ball
1-2: Ground out 4-3 (Groundball, 4, EV 80.6 MPH)
Top of the 7th over - 0 runs, 0 hits, 0 errors, 0 left on base; New York 4 - California 4
BOTTOM OF THE 7TH
California Angels batting - Pitching for New York Yankees : LHP Arturo Eli
Batting: RHB Luis Romero 0-0: Called Strike
0-1: Foul Ball, location: 2F
0-2: Ball
1-2: Fly out, F5 (Popup, 5SF, EV 75.0 MPH)
Batting: RHB Bjoern Waltersson 0-0: Called Strike
0-1: Called Strike
0-2: Foul Ball, location: 2F
0-2: Ground out 6-3 (Groundball, 6D, EV 102.5 MPH)
Batting: LHB Rusty Ney 0-0: Called Strike
0-1: Ball
1-1: Ball
2-1: Ground out U3 (Groundball, 3D, EV 102.5 MPH)
Bottom of the 7th over - 0 runs, 0 hits, 0 errors, 0 left on base; New York 4 - California 4
TOP OF THE 8TH
New York Yankees batting - Pitching for California Angels : RHP Allen Weaver
Batting: RHB Adriaan Pieters 0-0: Ball
1-0: Fly out, F8 (Line Drive, 8LD, EV 93.1 MPH)
Batting: SHB Bartholomeu Chambino 0-0: Ball
1-0: SINGLE (Line Drive, 3D, EV 102.5 MPH)
Batting: LHB David Bramble 0-0: Ball
1-0: Called Strike
1-1: Grounds into double play, 4-6-3 (Groundball, 34, EV 100.6 MPH)
Top of the 8th over - 0 runs, 1 hit, 0 errors, 0 left on base; New York 4 - California 4
BOTTOM OF THE 8TH
California Angels batting - Pitching for New York Yankees : LHP Arturo Eli
Pitching: RHP Isaias Chavez
Batting: RHB Alain Delhaye 0-0: Called Strike
0-1: Foul Ball, location: 2F
0-2: Strikes out swinging
Batting: RHB Preston Deakyne 0-0: Called Strike
0-1: Ball
1-1: Ground out 4-3 (Groundball, 4, EV 84.4 MPH)
Batting: RHB Nick Dunn 0-0: Called Strike
0-1: Called Strike
0-2: Ball
1-2: Fly out, F8 (Flyball, 8RM, EV 93.1 MPH)
Bottom of the 8th over - 0 runs, 0 hits, 0 errors, 0 left on base; New York 4 - California 4
TOP OF THE 9TH
New York Yankees batting - Pitching for California Angels : RHP Allen Weaver
Pitching: RHP Dave Thomas
Batting: RHB Geni Prawiranega 0-0: Ball
1-0: Ground out U3 (Groundball, 34, EV 85.0 MPH)
Batting: LHB Brad Ritter 0-0: Called Strike
0-1: Ball
1-1: Swinging Strike
1-2: Ball
2-2: Strikes out swinging
Batting: LHB Jason Peck 0-0: Ball
1-0: Ball
2-0: Foul Ball, location: 2F
2-1: Ball
3-1: Ground out 6-3 (Groundball, 6M, EV 96.2 MPH)
Top of the 9th over - 0 runs, 0 hits, 0 errors, 0 left on base; New York 4 - California 4
BOTTOM OF THE 9TH
California Angels batting - Pitching for New York Yankees : RHP Isaias Chavez
Pitching: LHP Joel Pacheco
Batting: RHB Mike Harkins 0-0: Fly out, F8 (Flyball, 8RD, EV 88.8 MPH)
Batting: RHB Avery Maxwell 0-0: Ball
1-0: SOLO HOME RUN (Flyball, 7LD, EV 91.9 MPH), Distance : 351 ft
Bottom of the 9th over - 1 run, 1 hit, 0 errors, 0 left on base; New York 4 - California 5
Thursday, December 15th , 2022 - OOTP Baseball 23.9 Build 102